 Dungeon Crawl Stone Soup version 0.32-a0-673-g3729bd50f8 (webtiles) character file.

Game seed: 5595338105994819850

42 Esekla the Chopper (level 3, 0/40 HPs)
             Began as a Mountain Dwarf Wanderer on Mar 10, 2024.
             Was a Follower of Qazlal.
             Succumbed to an adder's poison
             ... on level 1 of the Dungeon.
             The game lasted 00:05:50 (1004 turns).

Esekla the Chopper (Mountain Dwarf Wanderer)        Turns: 1004, Time: 00:05:51

Health: 0/40       AC: 21    Str: 17    XL:     3   Next: 35%
Magic:  7/7        EV:  2    Int: 19    God:    Qazlal [*.....]
Gold:   100        SH:  2    Dex:  5    Spells: 6/8 levels left

rFire   . . .        a - +0 war axe
rCold   . . .        (no shield)
rNeg    . . .        b - melded +0 ring mail
rPois   +            (helmet currently unavailable)
rElec   .            (cloak currently unavailable)
rCorr   .            (gloves currently unavailable)
SInv    .            (boots currently unavailable)
Will    .....        (no amulet)
Stlth   +            j - +6 ring of intelligence
HPRegen 0.26/turn    (no ring)
MPRegen 0.10/turn

%: no passive effects
@: brilliant, lethally poisoned (0 -> -3), tree-form
A: stationary, stasis, torment immunity, boosted hp, runic magic, artefact
enchanting, clumsy 1
a: Renounce Religion


You were on level 1 of the Dungeon.
You worshipped Qazlal.
Qazlal was aware of your devotion.
You were a tree.
You visited 1 branch of the dungeon, and saw 2 of its levels.

You collected 100 gold pieces.

Inventory:

Hand Weapons
 a - a +0 war axe (weapon)
 e - a +0 dagger
 h - a +0 spear
Armour
 b - a +0 ring mail (melded)
Jewellery
 j - a +6 ring of intelligence (left branch)
Scrolls
 c - a scroll of vulnerability
 d - 2 scrolls of teleportation {unknown}
 k - a scroll of revelation {unknown}
 l - a scroll of torment {unknown}


   Skills:
 * Level 0.6 Fighting
 * Level 4.1 Axes
 + Level 1.0 Throwing
 * Level 1.8 Armour
 * Level 3.2 Spellcasting
 - Level 2.0 Summonings


You had 6 spell levels left.
You knew the following spells:

 Your Spells              Type           Power      Damage    Failure   Level
a - Summon Small Mammal   Summ           64%        N/A       7%          1
p - Apportation           Tloc           8%         N/A       16%         1

Your spell library contained the following spells:

 Spells                   Type           Power      Damage    Failure   Level
 Necrotise                Necr           16%        1d4       16%         1
 Sting                    Conj/Alch      16%        1d4       16%         1
 Call Canine Familiar     Summ           16%        N/A       21%         3
 Alistair's Intoxication  Alch           2%         N/A       99%         5
 Borgnjor's Vile Clutch   Necr/Erth      2%         N/A       99%         5
 Eringya's Noxious Bog    Alch           2%         4d6       100%        6


Dungeon Overview and Level Annotations

Branches:
Dungeon (2/15)

Altars:
Qazlal


Innate Abilities, Weirdness & Mutations

You are a tree.
Your roots penetrate the ground, keeping you stationary.
You cannot be teleported.
You are immune to unholy pain and torment.
Your maximum health is greatly increased.
Your equipment is partially melded.
Your spellcasting is much less encumbered by armour.
You can use scrolls of enchantment on lesser artefacts.
You are clumsy. (Dex -2)


Message History

You barely miss the adder. The adder bites you but does no damage.
You barely miss the adder. The adder misses you.
The adder bites you but does no damage.
You miss the adder. The adder bites you.
You are poisoned.
The adder poisons you! The adder barely misses you.
You miss the adder.
You feel sick. The adder bites you.
You miss the adder.
You feel sick. The adder barely misses you. You block the adder's attack.
You miss the adder.
You feel sick. The adder completely misses you.
The adder bites you but does no damage.
You closely miss the adder.
You feel sick. The adder misses you. The adder bites you but does no damage.
You barely miss the adder.
You feel sick.
You are no longer poisoned.
The adder bites you.
* * * LOW HITPOINT WARNING * * *
You closely miss the adder. The adder bites you but does no damage.
The adder closely misses you.
You slash the adder!
The adder is almost dead.
The adder bites you but does no damage. The adder bites you.
* * * LOW HITPOINT WARNING * * *
You are lethally poisoned!
The adder poisons you!
You barely miss the adder.
The adder is almost dead.
* * * LOW HITPOINT WARNING * * *
You feel sick. The adder closely misses you.
It was a potion of lignification.
You turn into a tree.
Your +0 ring mail melds into your body.
Your roots penetrate the ground.
* * * LOW HITPOINT WARNING * * *
You feel sick.
The adder bites you but does no damage. x2
It was a potion of brilliance.
You feel clever all of a sudden.
* * * LOW HITPOINT WARNING * * *
You feel sick. The adder bites you but does no damage.
It was a potion of mutation.
You feel extremely strange.
You feel clumsy.
You die...

#...##..####.##.##.#...#.#.
#...###..###.##.##.#...#+#.
####.........##'##.#.......
#.####........#.###....#
#######.# #.......)....#....#
#.......# #............#[....
#.####### #............#....#
#.# #S...........'..... #.#
########.♣..........###### #.#
#...................#
#.###.#########.##.#....######
#...).†.......#.#.............
#####.#.......#.#.............
#######.#.#####.#.#......#......
#....##'#†#####..........#......
#.............#.#+#.##.#........
#........####.......##.#........


You could see an adder.

Vanquished Creatures
  A dart slug (D:1)
  A ribbon worm (D:2)
  An endoplasm (D:1)
  3 giant cockroaches
  4 goblins (D:1)
  2 hobgoblins
  3 jackals (D:1)
  A quokka (D:1)
  3 ball pythons
  5 bats
  4 frilled lizards
  3 kobolds
  4 rats
35 creatures vanquished.

Notes
Turn   | Place    | Note
-------+----------+-------------------------------------------
     0 | D:1      | Esekla the Mountain Dwarf Wanderer began the quest for the
                  | Orb.
     0 | D:1      | Esekla set off with the following items: a +0 war axe, a +0
                  | ring mail, a scroll of vulnerability; and the following
                  | spell memorised: Summon Small Mammal; and the following
                  | spells available to memorise: Call Canine Familiar.
     0 | D:1      | Reached XP level 1. HP: 14/14 MP: 4/4
   198 | D:1      | Reached XP level 2. HP: 18/20 MP: 6/6
   353 | D:1      | Reached skill level 4 in Axes
   469 | D:1      | Learned a level 1 spell: Apportation
   538 | D:1      | Found a faded altar of an unknown god.
   541 | D:1      | Prayed at the altar of an unknown god.
   541 | D:1      | Became a worshipper of Qazlal Stormbringer
   541 | D:1      | Reached * piety under Qazlal
   779 | D:2      | Reached XP level 3. HP: 26/26 MP: 7/7
  1001 | D:1      | HP: 1/27 [poisoned by an adder]
  1004 | D:1      | Gained mutation: You are clumsy. (Dex -2) [potion of
                  | mutation]
  1004 | D:1      | Succumbed to an adder's poison

Illustrated notes

Levels and vault maps discovered:
D:1:      wheals_arrival_linesprint, layout_basic,
          shapermc_ecumenical_altar_mp_vishouse, minmay_pentomino_v2
D:2:      layout_rooms, basic_altar, st_stairs_9

Skill      XL: |  1  2 |
---------------+-------+-----
Spellcasting   | 3 |  3.2
Axes           | 4 |  4.1
Fighting       | |  0.6
Throwing       | |  1.0
Armour         | |  1.8
Summonings     | |  2.0

Action                     || total
---------------------------++-------
  Melee: War axe           ||   129
   Cast: Apportation       ||     1
    Use: Potion            ||     3
 Armour: Ring mail         ||   109
         Skin              ||     3
  Dodge: Dodged            ||    79
  Block: Other             ||    11

Table legend: (Time is in decaauts)
 A = Elapsed time spent in this place.
 B = Non-inter-level travel time spent in this place.
 C = Inter-level travel time spent in this place.
 D = Time resting spent in this place.
 E = Time spent auto-exploring this place.
 F = Levels seen in this place.
 G = Mean time per level.
                   A        B        C        D        E       F      G
               +--------+--------+--------+--------+--------+-----+--------+
         Total |   1042 |   1035 |      7 |     36 |    308 |   2 |  521.0 |
       Dungeon |   1042 |   1035 |      7 |     36 |    308 |   2 |  521.0 |
               +--------+--------+--------+--------+--------+-----+--------+

Top non-repeatable levels by time:
     D:1: 811 daAuts
     D:2: 230 daAuts
